 Dungeon Crawl Stone Soup version 0.16-a0-3997-g61da7c2 (webtiles) character file.

189 Gronka the Covered (level 6, 0/48 HPs)
             Began as a Human Fighter on Feb 13, 2015.
             Slain by an ogre
             ... wielding a +0 giant spiked club
              (10 damage)
             ... on level 3 of the Dungeon.
             The game lasted 00:04:15 (1857 turns).

Gronka the Covered (Human Fighter)                  Turns: 1857, Time: 00:04:15

Health: 0/48       AC:  9    Str: 19    XL:     6   Next: 0%
Magic:  6/6        EV:  5    Int:  8    God:
Gold:   164        SH:  9    Dex: 12    Spells: 0 memorised, 5 levels left

rFire  . . .     SeeInvis .     a - +0 long sword
rCold  . . .     Clarity  .     t - +0 chain mail
rNeg   . . .     SustAb   .     c - +0 shield
rPois  .         Gourm    .     (no helmet)
rElec  .         Spirit   .     (no cloak)
rCorr  .         Warding  .     (no gloves)
rMut   .         Stasis   .     (no boots)
MR     .....                    (no amulet)
Stlth  ..........               (no ring)
                                (no ring)

@: not resistant to hostile enchantments, extremely unstealthy
A: no striking features
a: no special abilities


You were on level 3 of the Dungeon.
You were not hungry.

You visited 1 branch of the dungeon, and saw 3 of its levels.

You collected 164 gold pieces.

Inventory:

Hand weapons
 a - a +0 long sword (weapon)
 n - a +0 spear
Armour
 b - a +0 scale mail
 c - a +0 shield (worn)
 t - a +0 chain mail (worn)
Magical devices
 m - a wand of frost (26)
Scrolls
 f - a scroll of random uselessness {unknown}
 g - a scroll of amnesia {unknown}
 i - a scroll of noise {unknown}
 l - 2 scrolls of remove curse {unknown}
 o - a scroll of enchant armour {unknown}
 q - 2 scrolls of identify {unknown}
 s - a scroll of teleportation {unknown}
 u - a scroll of blinking {unknown}
 x - a scroll of recharging {unknown}
Potions
 e - a potion of lignification {unknown}
 j - a potion of haste {unknown}
 k - a potion of agility {unknown}
 p - a potion of heal wounds {unknown}
 r - a potion of degeneration {unknown}
 v - a potion of ambrosia {unknown}
Comestibles
 d - 2 bread rations
 w - a meat ration
 z - a slice of pizza


   Skills:
 + Level 3.7 Fighting
 + Level 2.6 Long Blades
 + Level 4.3 Armour
 + Level 1.6 Dodging
 + Level 3.9 Shields


You had 5 spell levels left.
You didn't know any spells.

Dungeon Overview and Level Annotations

Branches:
Dungeon (3/15)

Altars:


Message History

You are too injured to fight recklessly!
You are too injured to fight recklessly!
You are too injured to fight recklessly!
You are too injured to fight recklessly!
You are too injured to fight recklessly!
You are too injured to fight recklessly!
You are too injured to fight recklessly!
You are too injured to fight recklessly!
You are too injured to fight recklessly!
You are too injured to fight recklessly!
You are too injured to fight recklessly!
You are too injured to fight recklessly!
You are too injured to fight recklessly!
Drink which item? (? for menu, Esc to quit)
You feel better. You block the ogre's attack.
You are too injured to fight recklessly!
You barely miss the ogre.
The ogre is almost dead.
The ogre hits you with a giant spiked club!
You die...

#.###.#.# #.# #.#...#.#
##'## #.#.###.# ##...##
#.#.###.# ##.....##
#.#.#.#.# ##.......#
########.......###.........
.................+.....)...
##########....####.........
#.@#.## ##.......#
...####O#### ##.....##
#........# ##...##
#..###.#.# ##+## # #.#.#
#.# #.#.## #.### #....#
##..[# #.#####..# ##..#.##
#........# #...#...


You could see an ogre.

Vanquished Creatures
  The ghost of Gronka the Shield-Bearer, an average HuFi (D:3)
  Ijyb (D:3)
  An adder (D:2)
  A giant mite (D:3)
  3 worms (D:2)
  3 giant geckos (D:2)
  2 oozes (D:2)
  2 orcs (D:3)
  2 giant cockroaches (D:1)
  8 goblins
  5 hobgoblins
  10 jackals (D:2)
  4 kobolds
  3 bats
  A giant newt (D:1)
  A quokka (D:2)
  6 rats
54 creatures vanquished.

Notes
Turn   | Place    | Note
--------------------------------------------------------------
     0 | D:1      | Gronka, the Human Fighter, began the quest for the Orb.
     0 | D:1      | Reached XP level 1. HP: 18/18 MP: 1/1
    56 | D:1      | Reached XP level 2. HP: 22/24 MP: 2/2
   691 | D:2      | Reached XP level 3. HP: 16/29 MP: 3/3
   735 | D:2      | HP: 1/29 [jackal (1)]
  1114 | D:2      | Reached XP level 4. HP: 19/35 MP: 4/4
  1568 | D:3      | Noticed Gronka's ghost (average HuFi)
  1576 | D:3      | Killed Gronka's ghost
  1576 | D:3      | Reached skill level 4 in Armour
  1576 | D:3      | Reached skill level 1 in Dodging
  1576 | D:3      | Reached XP level 5. HP: 34/41 MP: 5/5
  1748 | D:3      | Noticed Ijyb
  1764 | D:3      | Killed Ijyb
  1764 | D:3      | Reached XP level 6. HP: 46/48 MP: 6/6
  1846 | D:3      | Noticed an ogre
  1855 | D:3      | HP: 1/48 [ogre/giant spiked club (22)]
  1857 | D:3      | Slain by an ogre

Action                   |  1- 3 |  4- 6 || total
-------------------------+-------+-------++-------
Melee: Long sword        |   128 |    89 ||   217
Evoke: Wand              |       |     1 ||     1
  Use: Potion            |     1 |     2 ||     3
  Eat: Bread ration      |     1 |       ||     1
